Map: Emerald City LE

Players

SLicKcHeeZEE

  • Race: Zerg Zerg

A.I. 1 (Very Hard) - Winner!

  • Race: Terran Terran

VOD

Have the link to the VOD?

Description

Time

  • Played on: Sept. 5, 2026, 6:52 p.m.
  • Length: 17:02
Show
View Real Time Build Order
Export as new Build Order

SLicKcHeeZEE Zerg 

Build Orders: Hatch First, Roach Hydra 

Get SALT Encoding   

  6  0:00  Drone  
  9  0:11  Drone  
  10  0:16  Drone  
  11  0:28  Overlord  
  11  0:34  Drone  
  12  0:46  Drone x2  
  14  0:51  Drone  
  15  1:13  Hatchery  
  15  1:16  Drone  
  15  1:20  Drone  
  16  1:37  Spawning Pool  
  16  1:39  Extractor  
  14  1:41  Drone  
  14  1:44  Drone  
  16  1:48  Drone  
  16  1:53  Drone  
  18  2:03  Overlord  
  18  2:11  Drone  
  19  2:23  Queen  
  19  2:29  Queen  
  23  2:33  Drone  
  24  2:37  Drone  
  24  2:43  Overlord  
  25  2:47  Drone  
  25  2:50  Drone  
  27  2:53  Drone  
  27  2:57  Drone  
  29  3:05  Lair  
  29  3:14  Roach Warren  
  29  3:17  Drone  
  29  3:20  Drone  
  29  3:23  Overlord  
  29  3:26  Drone  
  31  3:30  Drone  
  31  3:32  Drone  
  33  3:42  Drone x2  
  33  3:46  Drone  
  36  3:49  Overlord  
  36  3:55  Roach x3  
  42  3:56  Roach  
  42  4:01  Extractor  
  43  4:07  Hydralisk Den  
  42  4:10  Drone x3  
  45  4:19  Extractor  
  45  4:20  Drone x3  
  47  4:35  Hatchery  
  47  4:37  Hydralisk  
  47  4:38  Hydralisk  
  48  4:42  Overlord, Evolution Chamber  
  48  4:45  Drone  
  50  4:46  Drone  
  50  4:48  Drone  
  50  4:52  Drone  
  53  4:56  Drone  
  53  4:58  Drone  
  56  5:01  Drone  
  56  5:06  Overlord  
  57  5:09  Glial Reconstitution  
  57  5:11  Grooved Spines  
  57  5:15  Zerg Missile Weapons Level 1  
  57  5:19  Overlord  
  57  5:24  Roach  
  57  5:25  Roach  
  57  5:27  Roach  
  63  5:29  Roach  
  63  5:34  Roach  
  69  5:35  Roach  
  69  5:38  Hydralisk  
  69  5:41  Hydralisk  
  73  5:59  Queen  
  73  6:00  Overlord  
  73  6:01  Muscular Augments  
  75  6:06  Evolution Chamber  
  75  6:08  Drone x2  
  75  6:09  Drone x4  
  80  6:12  Overlord  
  80  6:20  Drone x5  
  80  6:21  Drone  
  80  6:25  Overlord  
  86  6:31  Zerg Ground Armor Level 1  
  86  6:33  Drone  
  86  6:35  Overlord  
  87  6:50  Overlord  
  87  6:58  Roach  
  87  6:59  Roach x2, Hydralisk x4  
  101  7:10  Overlord  
  101  7:16  Extractor  
  101  7:17  Drone  
  101  7:21  Roach, Hydralisk  
  101  7:22  Roach, Hydralisk  
  109  7:33  Hatchery  
  109  7:34  Drone x3  
  111  7:39  Zerg Missile Weapons Level 2  
  111  7:56  Overlord  
  111  8:21  Roach x3, Hydralisk x2  
  111  8:22  Roach x3, Hydralisk x2  
  111  8:23  Roach x3, Hydralisk  
  111  8:25  Overlord  
  111  8:26  Overlord  
  139  8:43  Zerg Ground Armor Level 2  
  139  8:50  Roach  
  139  8:51  Hydralisk x2, Roach x2  
  139  8:52  Roach x3, Hydralisk x2  
  159  8:56  Overlord  
  159  9:03  Overlord  
  159  9:04  Overlord  
  159  9:28  Queen  
  161  9:31  Roach, Hydralisk  
  161  9:32  Roach x2, Hydralisk  
  161  9:33  Roach x3, Hydralisk x2  
  161  9:34  Roach  
  161  9:37  Overlord x2  
  183  10:16  Ravager x3  
  183  10:18  Ravager  
  130  10:44  Hydralisk x2, Roach x3  
  130  10:45  Hydralisk x2, Roach x3  
  130  10:46  Hydralisk x2, Roach x3  
  149  11:40  Roach x3, Hydralisk x2  
  149  11:41  Hydralisk x2, Roach x3  
  149  11:42  Roach x3  
  149  11:43  Hydralisk x2  
  149  11:44  Roach x2, Hydralisk  
  149  11:45  Roach  
  101  12:28  Roach  
  101  12:29  Roach x2, Hydralisk x2  
  113  12:30  Hydralisk x2, Roach x3  
  113  12:31  Hydralisk x2, Roach x3  
  131  12:52  Extractor  
  131  12:53  Roach x3, Hydralisk x2  
  131  12:54  Roach x3  
  146  12:59  Extractor  
  145  13:10  Hydralisk x2  
  145  13:11  Hydralisk  
  151  13:50  Roach x2  
  151  13:51  Roach, Hydralisk x4  
  151  13:52  Hydralisk x3  
  151  13:53  Hydralisk x2  
  151  13:54  Hydralisk x3  
  181  14:34  Ravager x5  
  165  16:03  Hydralisk  
  137  16:04  Hydralisk x11  
  137  16:07  Hydralisk x12  
Show
View Real Time Build Order
Export as new Build Order

A.I. 1 (Very Hard) Terran - Winner!

Build Orders:  

Get SALT Encoding   

  6  0:00  SCV  
  9  0:13  SCV  
  10  0:25  SCV  
  11  0:37  SCV  
  12  0:47  Supply Depot  
  12  0:49  SCV  
  13  0:59  Refinery  
  13  1:09  SCV  
  14  1:19  Barracks  
  14  1:21  SCV  
  15  1:33  SCV  
  16  1:45  SCV, Supply Depot  
  17  1:57  SCV  
  18  2:09  Marine, SCV  
  18  2:11  Factory  
  20  2:21  SCV  
  21  2:26  Barracks  
  21  2:32  Marine  
  21  2:33  SCV  
  23  2:45  SCV  
  23  2:46  Supply Depot  
  24  2:51  Marine  
  24  2:58  SCV  
  26  3:19  Command Center  
  26  3:22  Orbital Command  
  26  3:29  Refinery  
  26  3:30  Marine  
  27  3:42  Marine  
  27  3:48  SCV  
  29  3:52  Marine  
  30  4:00  SCV, Marine  
  32  4:09  Marine  
  32  4:12  SCV  
  34  4:18  Marine  
  35  4:24  SCV  
  35  4:30  Marine, SCV  
  38  4:33  Factory Tech Lab  
  38  4:36  Marine, SCV  
  40  4:42  SCV  
  41  4:46  Starport  
  41  4:48  SCV  
  42  4:53  Marine  
  42  4:54  Supply Depot, SCV  
  42  4:55  Marine  
  45  5:00  SCV  
  45  5:06  SCV  
  47  5:07  Siege Tank  
  50  5:15  Marine  
  50  5:16  SCV, Supply Depot  
  50  5:18  Marine  
  50  5:19  SCV  
  54  5:23  Starport Tech Lab  
  54  5:28  SCV  
  55  5:31  SCV  
  55  5:35  Barracks Tech Lab  
  56  5:40  SCV, Barracks, Barracks Reactor  
  57  5:43  Orbital Command  
  57  5:46  Supply Depot  
  57  5:48  Medivac  
  59  5:52  SCV, Marine  
  59  5:54  Stimpack  
  61  6:04  SCV  
  61  6:06  Engineering Bay  
  61  6:09  SCV  
  61  6:11  Marauder  
  65  6:16  SCV  
  66  6:18  Medivac  
  66  6:19  Supply Depot  
  66  6:22  SCV, Refinery  
  69  6:28  Barracks Tech Lab, SCV  
  69  6:31  Refinery  
  69  6:32  Marauder  
  72  6:33  Terran Infantry Weapons Level 1  
  72  6:40  Engineering Bay  
  72  6:41  SCV x2  
  72  6:42  Missile Turret  
  72  6:45  Supply Depot  
  72  6:46  Combat Shield  
  72  6:47  Marauder  
  76  6:51  Missile Turret  
  76  6:53  SCV  
  76  6:54  Marauder  
  79  7:02  SCV  
  79  7:03  Barracks  
  79  7:06  Terran Infantry Armor Level 1  
  79  7:07  SCV  
  79  7:08  Marauder  
  83  7:09  Supply Depot, Medivac  
  83  7:14  Marine  
  83  7:15  SCV, Marauder  
  89  7:25  Missile Turret  
  89  7:30  Marine, SCV  
  89  7:31  SCV, Marauder  
  89  7:32  Marine, Supply Depot  
  89  7:36  Marauder  
  97  7:38  Concussive Shells  
  97  7:42  SCV  
  98  7:50  Missile Turret  
  98  7:53  Command Center  
  98  7:54  Marine, Medivac, Marauder  
  98  7:57  Supply Depot  
  103  8:10  Missile Turret  
  103  8:14  Factory  
  103  8:19  Marauder x2  
  107  8:23  Starport  
  107  8:24  Viking  
  107  8:25  Supply Depot  
  109  8:30  Hi-Sec Auto Tracking  
  109  8:41  Marauder, Barracks, Barracks Tech Lab  
  111  8:47  Marauder  
  112  8:50  Supply Depot  
  112  8:54  Raven  
  114  8:56  Ghost Academy  
  114  8:58  Factory Tech Lab, Viking  
  114  9:00  Neosteel Armor  
  114  9:02  Marauder  
  118  9:04  SCV  
  118  9:05  SCV x2  
  121  9:17  SCV  
  122  9:18  SCV  
  122  9:19  Missile Turret, SCV  
  122  9:21  Missile Turret  
  124  9:26  Supply Depot, Ghost  
  124  9:28  Viking  
  124  9:29  SCV, Starport Reactor  
  124  9:30  SCV  
  130  9:31  SCV  
  133  9:38  Marauder  
  133  9:41  SCV, Marauder  
  133  9:42  SCV  
  133  9:43  SCV  
  138  9:50  Armory  
  138  9:53  SCV  
  138  9:54  SCV  
  138  9:55  Supply Depot  
  138  9:56  SCV  
  138  9:58  Viking  
  143  10:05  Viking x2, SCV  
  143  10:06  SCV  
  149  10:11  Refinery  
  149  10:14  Refinery  
  149  10:16  Ghost, Marine x2  
  149  10:19  Orbital Command, Supply Depot, Command Center  
  153  10:21  Marine  
  153  10:23  Marine  
  155  10:29  Raven  
  155  10:34  Viking  
  150  10:36  Marine x2  
  150  10:37  Marine  
  150  10:38  Terran Infantry Weapons Level 2  
  150  10:40  Marauder  
  150  10:41  Marauder  
  128  10:45  Marauder, Siege Tank  
  106  10:50  Siege Tank  
  106  10:54  Marine x2  
  106  10:55  Marine  
  112  11:00  Marine  
  112  11:02  Marauder  
  115  11:06  Marauder  
  117  11:12  Marine x3  
  117  11:17  Siege Tank  
  123  11:19  Marauder  
  123  11:23  Siege Tank, Marine  
  129  11:27  Marine  
  129  11:29  Marine  
  129  11:30  Medivac  
  129  11:31  Marine x2  
  135  11:34  Refinery  
  135  11:36  Medivac  
  135  11:37  Refinery  
  135  11:39  SCV  
  137  11:40  Marine  
  137  11:42  Marauder  
  137  11:46  Marauder  
  142  11:48  Missile Turret  
  142  11:49  Siege Tank  
  142  11:50  Missile Turret  
  145  11:55  Siege Tank, Terran Vehicle Weapons Level 1  
  145  11:58  Marauder  
  148  12:02  Marine x3  
  148  12:05  Marauder  
  148  12:07  Marine  
  137  12:12  Planetary Fortress  
  137  12:13  Missile Turret  
  111  12:19  Marine, Command Center  
  111  12:20  Marine x3, Medivac  
  111  12:21  Missile Turret, Siege Tank  
  117  12:25  Medivac, Marauder  
  117  12:27  Siege Tank, Marauder  
  126  12:37  Marauder, Marine  
  126  12:39  Factory  
  126  12:40  Infernal Pre-Igniter  
  126  12:43  SCV  
  129  12:53  Marine  
  129  12:54  Hellion  
  129  12:55  Armory  
  132  12:59  Thor  
  138  13:08  Marine  
  138  13:09  Marine  
  138  13:10  Marine  
  138  13:12  Missile Turret  
  141  13:13  Marine  
  141  13:14  Marine  
  141  13:15  Hellion, Marine  
  146  13:20  Terran Infantry Weapons Level 3  
  146  13:21  Supply Depot  
  146  13:23  Hellion  
  148  13:27  Raven  
  148  13:33  Missile Turret  
  150  13:36  Siege Tank, Planetary Fortress, Refinery  
  150  13:40  Missile Turret, Command Center  
  153  13:41  Terran Vehicle And Ship Armor Level 1  
  153  13:42  Widow Mine  
  153  13:44  Missile Turret, Hellion  
  153  13:47  Marauder  
  158  13:48  Marauder  
  158  13:50  Missile Turret, SCV  
  158  13:53  Refinery  
  158  13:54  Marauder  
  163  14:02  Raven  
  165  14:03  Thor  
  165  14:06  Factory Tech Lab  
  165  14:08  Marauder, Hellion  
  175  14:10  Marauder  
  175  14:15  Marauder  
  179  14:23  Terran Vehicle Weapons Level 2  
  179  14:24  Thor  
  179  14:30  Siege Tank, Marauder  
  192  14:31  Marauder  
  192  14:35  Factory  
  192  14:37  Marauder  
  194  14:46  Widow Mine  
  196  15:01  Planetary Fortress, Refinery  
  196  15:02  Command Center, Hellion  
  196  15:05  Missile Turret  
  198  15:07  Missile Turret  
  198  15:09  Missile Turret  
  195  15:36  Thor, SCV  
  195  15:40  Missile Turret, Command Center  
  200  15:44  SCV x2  
  200  15:45  SCV x2  
  200  15:47  Missile Turret  
  200  15:48  Marine  
  200  15:49  SCV  
  199  15:50  Marine  
  199  15:51  Marine  
  199  15:56  Siege Tank, SCV  
  199  15:57  SCV  
  200  16:04  SCV x2  
  200  16:05  SCV, Marauder  
  200  16:06  Hellion, Marauder  
  200  16:07  Marauder  
  200  16:08  SCV, Missile Turret  
  200  16:09  SCV  
  184  16:11  Missile Turret  
  184  16:13  Raven  
  184  16:16  SCV  
  184  16:17  SCV, Hellion  
  181  16:20  SCV  
  181  16:22  SCV  
  181  16:23  Command Center  
  184  16:28  SCV  
  184  16:29  SCV  
  184  16:31  Supply Depot  
  160  16:42  SCV  
  160  16:43  SCV  
  160  16:46  SCV  
  145  16:47  SCV  
Tags
 
Add a new tag
Caveats
  • Supply blocks, unpowered buildings, or Contaminate may cause inaccurate times.
  • Supply counts are checked every 10 seconds.